 Dungeon Crawl Stone Soup version 0.31.0-11-ge490571c62 (webtiles) character file.

Game seed: 7403480116136617910

11 SmokeWeed the Gusty (level 2, -3/22 HPs)
             Began as a Demonspawn Wanderer on Feb 4, 2024.
             Slain by a gnoll
             ... wielding a +0 spear
              (6 damage)
             ... on level 2 of the Dungeon.
             The game lasted 00:02:02 (995 turns).

SmokeWeed the Gusty (Demonspawn Wanderer)            Turns: 995, Time: 00:02:03

Health: -3/22      AC:  6    Str: 13    XL:     2   Next: 17%
Magic:  3/3        EV:  8    Int: 12    God:
Gold:   54         SH:  0    Dex: 11    Spells: 2/3 levels left

rFire   + . .        n - +2 rapier (drain)
rCold   + . .        (no shield)
rNeg    . . .        l - +0 scale mail
rPois   .            (no helmet)
rElec   .            h - scarf {rC+ rF+}
rCorr   .            (no gloves)
SInv    .            (no boots)
Will    .....        (no amulet) Stlth
                     (no ring)
HPRegen 0.23/turn    (no ring)
MPRegen 0.16/turn

%: no passive effects
@: no status effects
A: magic regeneration
a: no special abilities


You were on level 2 of the Dungeon.
You visited 1 branch of the dungeon, and saw 2 of its levels.

You collected 54 gold pieces.

Inventory:

Hand Weapons
 a - a +0 hand axe
 c - a +0 dagger
 m - a +1 hand axe of flaming
 n - a +2 rapier of draining (weapon)
Missiles
 b - 7 poisoned darts (quivered)
Armour
 e - a +0 leather armour
 h - a scarf of resistance (worn)
 l - a +0 scale mail (worn)
Scrolls
 d - a scroll of blinking
 f - a scroll of noise {unknown}
Potions
 g - a potion of degeneration {unknown}
 i - a potion of might {unknown}
 j - a potion of brilliance {unknown}
 k - a potion of heal wounds {unknown}


   Skills:
 + Level 1.7 Fighting
 - Level 1.0 Axes
 - Level 1.7 Throwing
 - Level 1.0 Armour
 - Level 1.0 Spellcasting
 - Level 2.8 Air Magic
 - Level 1.2 Invocations
 - Level 1.0 Evocations


You had 2 spell levels left.
You knew the following spells:

 Your Spells              Type           Power      Damage    Failure   Level
a - Shock                 Conj/Air       12%        1d3       63%         1

Your spell library contained the following spells:

 Spells                   Type           Power      Damage    Failure   Level
 Airstrike                Air            3%         2d(1-17)  99%         4
 Vhi's Electric Charge    Tloc/Air       6%         N/A       100%        4


Dungeon Overview and Level Annotations

Branches:
Dungeon (2/15)

Altars:


Innate Abilities, Weirdness & Mutations

You regenerate magic rapidly.


Message History

You puncture the gnoll!
The gnoll is severely wounded.
The gnoll hits you but does no damage.
You barely miss the gnoll.
The gnoll is severely wounded.
The gnoll hits you with a +0 spear!
* * * LOW HITPOINT WARNING * * *
The gnoll barely misses you.
The gnoll looks more healthy.
You aren't carrying any items that you can evoke.
Throw: 10 darts (poison)
Press: ? - help, Q - select action, (/) - cycle Shift-Dir - straight line, f - gnoll
Aim: a gnoll, wielding a +0 spear (54% to hit)
You throw a poisoned dart.
The poisoned dart barely misses the gnoll.
Throw: 9 darts (poison)
Press: ? - help, Q - select action, (/) - cycle Shift-Dir - straight line, f/p - gnoll
Aim: a gnoll, wielding a +0 spear (54% to hit)
You throw a poisoned dart. The poisoned dart hits the gnoll.
The gnoll is poisoned.
The gnoll attacks as it pursues you! The gnoll closely misses you.
The gnoll looks more healthy.
The gnoll attacks as it pursues you! The gnoll closely misses you.
There is an open door here.
There is an open door here.
Throw: 8 darts (poison)
Press: ? - help, Q - select action, (/) - cycle Shift-Dir - straight line, f/p - gnoll
Aim: a gnoll, wielding a +0 spear (heavily wounded, 54% to hit)
You throw a poisoned dart. The poisoned dart hits the gnoll.
The gnoll is poisoned.
The gnoll is heavily wounded.
The gnoll attacks as it pursues you! The gnoll closely misses you.
The gnoll attacks as it pursues you!
The gnoll hits you from afar with a +0 spear!
* * * LOW HITPOINT WARNING * * *
The gnoll hits you from afar with a +0 spear.
* * * LOW HITPOINT WARNING * * *
The gnoll looks more healthy.
The gnoll attacks as it pursues you!
The gnoll hits you from afar with a +0 spear.
You die...

#.# #.# #g# #.# #S#
#.# #g######
#.#....#
#@#....########
#.'....'.......
####....########
.........#########
#.........'.......#
#.........#######.#
#.........# #.#
#####+##### #.# #.#
#.#


You could see 2 gnolls and a ball python.

Vanquished Creatures
  An endoplasm (D:2)
  A giant cockroach (D:1)
  A goblin (D:1)
  A hobgoblin (D:2)
  2 kobolds
  A quokka (D:1)
  A ball python (D:2)
  A frilled lizard (D:2)
  A rat (D:2)
10 creatures vanquished.

Notes
Turn   | Place    | Note
-------+----------+-------------------------------------------
     0 | D:1      | SmokeWeed the Demonspawn Wanderer began the quest for the
                  | Orb.
     0 | D:1      | SmokeWeed set off with the following items: a +0 hand axe,
                  | 11 poisoned darts, a +0 dagger, a scroll of blinking, a +0
                  | leather armour; and the following spell memorised: Shock;
                  | and the following spells available to memorise: Airstrike,
                  | Vhi's Electric Charge.
     0 | D:1      | Reached XP level 1. HP: 13/13 MP: 2/2
   714 | D:1      | Reached skill level 1 in Fighting
   826 | D:2      | Gained mutation: You regenerate magic rapidly. [demonic
                  | ancestry]
   826 | D:2      | Reached XP level 2. HP: 21/21 MP: 3/3
   995 | D:2      | Slain by a gnoll

Illustrated notes

Levels and vault maps discovered:
D:1:      dpeg_arrival_ternary, layout_basic
D:2:      layout_basic

Skill      XL: |  1 |
---------------+----+-----
Fighting       | 1 |  1.7
Axes           | |  1.0
Throwing       | |  1.7
Armour         | |  1.0
Spellcasting   | |  1.0
Air Magic      | |  2.8
Invocations    | |  1.2
Evocations     | |  1.0

Action                     || total
---------------------------++-------
  Melee: Hand axe          ||    23
         Rapier            ||    12
  Throw: Dart              ||     4
 Armour: Scale mail        ||    28
         Leather armour    ||     8
  Dodge: Dodged            ||    15
